 Dungeon Crawl Stone Soup version 0.30.0-19-g36f170ea60 (webtiles) character file.

Game seed: 4973792745441958654

998 MacCMillion the Cleaver (level 8, -6/58 HPs)
             Began as a Formicid Fighter on May 31, 2023.
             Killed by divine providence
             ... invoked by an orc priest
              (10 damage)
             ... on level 5 of the Dungeon.
             The game lasted 00:07:04 (3777 turns).

MacCMillion the Cleaver (Formicid Fighter)          Turns: 3777, Time: 00:07:04

Health: -6/58      AC: 14    Str: 27    XL:     8   Next: 42%
Magic:  0/8        EV:  7    Int:  8    God:
Gold:   241        SH:  5    Dex: 16    Spells: 7/7 levels left

rFire   . . .        A - +2 war axe "Keikhup" {speed, *Noise rPois Str+4 Dex+3}
rCold   . . .        c - +0 buckler
rNeg    . . .        n - +0 plate armour
rPois   +            (helmet unavailable)
rElec   .            (no cloak)
rCorr   .            (no gloves)
SInv    +            p - +1 pair of boots
Will    .....        B - amulet of guardian spirit Stlth
                     (no ring)
HPRegen 0.29/turn    (no ring)
MPRegen 0.11/turn

%: guardian spirit
@: mighty, weak-willed
A: permanent stasis, dig shafts and tunnels, antennae 3, four strong arms
a: Dig, Shaft Self


You were on level 5 of the Dungeon.
You visited 1 branch of the dungeon, and saw 5 of its levels.

You collected 241 gold pieces.

Inventory:

Hand Weapons
 a - a +0 war axe
 A - the +2 war axe "Keikhup" (weapon) {speed, *Noise rPois Str+4 Dex+3}
   (You found it on level 3 of the Dungeon)

   Str:       It affects your strength (+4).
   Dex:       It affects your dexterity (+3).
   rPois:     It protects you from poison.
   *Noise:    It may make noises in combat.
Armour
 b - a +0 scale mail
 c - a +0 buckler (worn)
 n - a +0 plate armour (worn)
 p - a +1 pair of boots (worn)
Jewellery
 u - an amulet of faith
 x - a ring of fire
 B - an amulet of guardian spirit (around neck)
Scrolls
 f - a scroll of enchant armour
 h - a scroll of torment {unknown}
 j - a scroll of fear
 k - a scroll of fog
 l - a scroll of poison {unknown}
 m - 5 scrolls of identify {unknown}
 s - a scroll of vulnerability
 v - a scroll of enchant weapon {unknown}
 w - a scroll of magic mapping {unknown}
 y - a scroll of amnesia {unknown}
 C - a scroll of teleportation {unknown}
Potions
 d - 5 potions of might
 e - 3 potions of curing
 g - 2 potions of invisibility {unknown}
 i - 2 potions of heal wounds {unknown}
 o - a potion of degeneration {unknown}
 q - a potion of flight {unknown}
 r - a potion of cancellation {unknown}
 t - a potion of haste {unknown}
 z - a potion of lignification {unknown}


   Skills:
 - Level 3.2 Fighting
 + Level 9.2 Axes
 - Level 4.1 Armour
 - Level 4.0 Shields


You had 7 spell levels left.
You didn't know any spells.
Your spell library was empty.

Dungeon Overview and Level Annotations

Branches:
Dungeon (5/15)
 Temple: D:4-7

Altars:
Elyvilon
Makhleb
Qazlal
The Shining One

Annotations:
D:2 1 runed translucent door, Crazy Yiuf
D:4 1 transporter, Pikel


Innate Abilities, Weirdness & Mutations

You cannot be hasted, slowed, berserked, paralysed or teleported.
You can dig through walls and to a lower floor.
You have a pair of large antennae on your head. (SInv)
Your four strong arms can wield two-handed weapons with a shield.


Message History

a +0 dagger; a +0 robe; the elf corpse of Dowan You miss the orc wizard.
You slash the adder!
You kill the adder!
You closely miss the orc wizard.
An orc priest comes into view. It is wielding a +0 whip.
The orc wizard closely misses you. The orc hits you but does no damage.
Your life force feels restored.
You slash the hobgoblin!
You kill the hobgoblin!
You hit the orc. You hit the iguana but do no damage.
You closely miss the orc wizard. The iguana bites you.
* * * LOW HITPOINT WARNING * * *
The orc wizard hits you but does no damage.
The orc completely misses you. x2
You feel very mighty all of a sudden. The scorpion closely misses you.
The iguana bites you but does no damage.
The orc wizard gestures at you while chanting.
The magic dart hits you!
* * * LOW HITPOINT WARNING * * *
The orc hits you but does no damage.
An orc comes into view. It is wielding a +0 club.
The orc hits you from afar with a +0 trident.
* * * LOW HITPOINT WARNING * * *
The orc shouts!
You slice the orc wizard!!
You kill the orc wizard!
You hit the scorpion but do no damage. You hit the orc. You slash the iguana!
The scorpion stings you.
* * * LOW HITPOINT WARNING * * *
The iguana barely misses you. The orc hits you but does no damage.
The orc barely misses you.
Unknown command.
You feel better. The scorpion stings you.
* * * LOW HITPOINT WARNING * * *
You block the orc's attack. You block the iguana's attack.
The orc priest calls down the wrath of Beogh upon you.
Beogh smites you!
You die...

...##.. ..
.o.....# ...
......# ....
......#
...o####....##
#....#o...?#
o.#..§.#o§§.#
...{§lo@§§#
#....#oslo#
...
##§§§...... #
.§#§§#....#
......§# .###
###...g.. .#
###'#... # .o
s... ). .....


You could see a scorpion, 2 iguanas, an orc priest and 6 orcs.

Vanquished Creatures
  Grinder (D:4)
  Menkaure (D:4)
  Duvessa (D:5)
  4 lemures (D:4)
  A water moccasin skeleton (D:3)
  Dowan (D:5)
  A howler monkey (D:4)
  A centaur zombie (D:3)
  A hound (D:5)
  An orc priest (D:3)
  2 orc wizards
  2 iguanas
  A scorpion zombie (D:3)
  A hound skeleton (D:3)
  3 gnolls (D:2)
  A howler monkey skeleton (D:3)
  8 adders
  An adder zombie (D:3)
  2 adder skeletons (D:3)
  4 worms
  2 dart slugs
  5 orcs
  4 bats
  11 endoplasms
  2 giant cockroaches
  5 goblins
  5 hobgoblins
  A quokka (D:3)
  6 ball pythons
  5 frilled lizards
  A giant cockroach zombie (D:3)
  A jackal skeleton (D:3)
  5 kobolds
  A quokka skeleton (D:3)
  6 rats (D:1)
98 creatures vanquished.

Notes
Turn   | Place    | Note
-------+----------+-------------------------------------------
     0 | D:1      | MacCMillion the Formicid Fighter began the quest for the
                  | Orb.
     0 | D:1      | Reached XP level 1. HP: 18/18 MP: 1/1
   190 | D:1      | Reached XP level 2. HP: 24/24 MP: 2/2
   828 | D:1      | Reached XP level 3. HP: 29/29 MP: 3/3
   883 | D:2      | Reached skill level 3 in Axes
   975 | D:2      | Reached XP level 4. HP: 33/35 MP: 4/4
  1432 | D:2      | Found a stormy altar of Qazlal.
  1745 | D:2      | Reached skill level 4 in Axes
  1748 | D:2      | Reached XP level 5. HP: 25/41 MP: 5/5
  1865 | D:2      | Found a runed translucent door.
  1866 | D:2      | Noticed Crazy Yiuf
  2223 | D:3      | Reached skill level 5 in Axes
  2245 | D:3      | Reached XP level 6. HP: 43/47 MP: 6/6
  2294 | D:3      | Found a burning altar of Makhleb.
  2351 | D:3      | Reached skill level 6 in Axes
  2513 | D:3      | Found a glowing golden altar of the Shining One.
  2768 | D:3      | Identified the +2 war axe "Keikhup" {speed, *Noise rPois
                  | Str+4 Dex+3}
  2914 | D:3      | Found a faded altar of an unknown god.
  2998 | D:4      | Noticed Menkaure
  3000 | D:4      | Noticed Grinder
  3005 | D:4      | Killed Menkaure
  3006 | D:4      | Reached skill level 7 in Axes
  3006 | D:4      | Reached XP level 7. HP: 23/52 MP: 7/7
  3180 | D:4      | Found a white marble altar of Elyvilon.
  3188 | D:4      | Noticed Pikel
  3480 | D:4      | Killed Grinder
  3481 | D:4      | Reached skill level 8 in Axes
  3511 | D:4      | Found a transporter.
  3578 | D:4      | Reached XP level 8. HP: 58/58 MP: 8/8
  3741 | D:5      | Entered Level 5 of the Dungeon
  3741 | D:5      | Noticed Duvessa
  3741 | D:5      | Noticed Dowan
  3762 | D:5      | Killed Duvessa
  3765 | D:5      | Killed Dowan
  3766 | D:5      | Reached skill level 9 in Axes
  3776 | D:5      | HP: 1/58 [scorpion (4)]
  3777 | D:5      | Killed from afar by an orc priest

Illustrated notes

Levels and vault maps discovered:
D:1:      dpeg_arrival_rooms_with_view, layout_loops_corners
D:2:      layout_loops_corners, basic_altar, uniq_crazy_yiuf_cottage
D:3:      layout_basic, nicolae_overflow_hidden_temple, lemuel_crystal_altar,
          shapermc_ecumenical_altar_pompeii, serial_undead, serial_undead_a,
          serial_undead_a, serial_undead_f, serial_undead_b, serial_undead_e,
          serial_undead_c, serial_undead_b, serial_undead_e, minmay_puff
D:4:      gammafunk_wand_slinger, layout_basic,
          mainiacjoe_overflow_concentric_impassable, uniq_menkaure,
          uniq_grinder, uniq_pikel
D:5:      corexii_shantytown, layout_cave_pools, general_overflow_altar,
          nicolae_uskayaw_murder_on_the_dancefloor,
          minmay_temple_entry_proselytizer, uniq_duvessa

Skill      XL: |  1  2  3  4  5  6  7  8 |
---------------+-------------------------+-----
Axes           | 3 4 5 7 8 9 |  9.2
Armour         | 4 |  4.1
Fighting       | |  3.2
Shields        | |  4.0

Action                     |  1- 3 |  4- 6 |  7- 9 || total
---------------------------+-------+-------+-------++-------
  Melee: War axe           |    69 |   147 |    73 ||   289
    Use: Scroll            |       |       |     4 ||     4
         Potion            |       |       |     2 ||     2
 Armour: Scale mail        |    19 |       |       ||    19
         Plate armour      |    12 |    90 |    49 ||   151
  Dodge: Dodged            |    15 |    25 |    20 ||    60
  Block: Buckler           |    13 |    32 |    20 ||    65
